 Dungeon Crawl Stone Soup version 0.27-a0-538-g15ff5c5295 (webtiles) character file.

Game seed: 17694647607312158846

50197 jasper the Cleaver (level 14, -7/174 HPs)
             Began as a Demonspawn Berserker on Mar 6, 2021.
             Was a High Priest of Trog.
             Mangled by a hellwing (10 damage)
             ... summoned by an orc sorcerer
             ... on level 2 of the Orcish Mines.
             The game lasted 00:32:45 (16495 turns).

jasper the Cleaver (Demonspawn Berserker)          Turns: 16495, Time: 00:32:45

Health: -7/174     AC: 31    Str: 22    XL:     14   Next: 18%
Magic:  0/14       EV: 15    Int: 13    God:    Trog [*****.]
Gold:   2050       SH:  0    Dex: 17    Spells: 13/13 levels left

rFire    + . .     SeeInvis .   f - +2 battleaxe (freeze)
rCold    . . .     Faith    +   (shield currently unavailable)
rNeg     + + +     Spirit   +   v - +0 plate armour
rPois    .         Reflect  .   q - +1 helmet
rElec    +         Harm     .   Z - +1 cloak of the Falcon {rN+ Regen+}
rCorr    .         Rampage  .   (no gloves)
Will     ++...                  N - +2 pair of boots
Stlth    ..........             n - amulet "Moryd" {Faith Fragile rF+ Str+3 Int+5}
HPRegen  9.39/turn              r - ring of Tuxuec {*Contam +Blink rElec rN++ Will+}
MPRegen  0.28/turn              O - +4 ring of evasion

@: berserking, sanguine armoured, very quick
A: hooves 2, powered by death 1, magic shield, magic regeneration, magic link,
sanguine armour 2
a: Renounce Religion, Evoke Blink, Berserk, Trog's Hand, Brothers in Arms


You were on level 2 of the Orcish Mines.
You worshipped Trog.
Trog was extremely pleased with you.
You visited 2 branches of the dungeon, and saw 16 of its levels.
You also visited: Bailey.

You collected 2050 gold pieces.

Inventory:

Hand Weapons
 c - a +2 battleaxe of flaming
 f - a +2 battleaxe of freezing (weapon)
 x - a +0 vorpal executioner's axe
 Q - a +3 great mace of flaming
 S - a +4 battleaxe
Missiles
 l - 5 javelins
 s - 65 poisoned darts
 M - 2 curare-tipped darts
 R - 105 boomerangs (quivered)
 V - a throwing net
Armour
 q - a +1 helmet (worn)
 v - a +0 plate armour (worn)
 N - a +2 pair of boots (worn)
 X - a +0 chain mail
 Z - the +1 cloak of the Falcon (worn) {rN+ Regen+}
   (You found it on level 9 of the Dungeon)

   It protects you from negative energy.
   It increases your rate of regeneration.
Jewellery
 n - the amulet "Moryd" (around neck) {Faith Fragile rF+ Str+3 Int+5}
   (You found it on level 11 of the Dungeon)

   [amulet of faith]

   It allows you to gain divine favour quickly.
   It affects your strength (+3).
   It affects your intelligence (+5).
   It protects you from fire.
   It will be destroyed if unequipped.
 r - the ring of Tuxuec (left hand) {*Contam +Blink rElec rN++ Will+}
   (You acquired it on level 9 of the Dungeon)

   [ring of willpower]

   It insulates you from electricity.
   It greatly protects you from negative energy.
   It affects your willpower, your defense against some magical effects.
   It lets you blink.
   It causes magical contamination when unequipped.
 A - a ring of ice
 E - the amulet of Roxkaeloth {Acrobat rElec Int+4 Dex+7}
   (You found it on level 11 of the Dungeon)

   [amulet of the acrobat]

   It helps you evade while moving and waiting.
   It affects your intelligence (+4).
   It affects your dexterity (+7).
   It insulates you from electricity.
 H - an amulet of reflection
 O - a +4 ring of evasion (right hand)
Wands
 w - a wand of mindburst (4)
 F - a wand of random effects (33)
 G - a wand of digging (5)
 I - a wand of polymorph (8)
 J - a wand of flame (7)
 Y - a wand of charming (7)
Scrolls
 a - a scroll of magic mapping
 e - 7 scrolls of teleportation
 g - 2 scrolls of blinking
 i - 8 scrolls of fear
 z - a scroll of fog
 P - a scroll of immolation
Potions
 b - a potion of cancellation {unknown}
 d - a potion of degeneration
 h - a potion of berserk rage {unknown}
 j - 3 potions of lignification
 k - 11 potions of curing
 m - a potion of resistance
 o - 2 potions of might
 p - 3 potions of brilliance
 t - 5 potions of magic
 u - 8 potions of mutation
 B - 4 potions of attraction
 L - 2 potions of ambrosia
 T - 9 potions of heal wounds
 U - 2 potions of haste {unknown}
Miscellaneous
 W - a phantom mirror


   Skills:
 + Level 12.9 Fighting
 - Level 13.2 Axes
 + Level 9.4 Armour
 + Level 9.3 Dodging
 - Level 7.0 Evocations


You had 13 spell levels left.
You didn't know any spells.
Your spell library was empty.

Dungeon Overview and Level Annotations

Branches:
Dungeon (14/15)            Temple (0/1) D:7            Lair (0/6) D:11
    Orc (2/2) D:10            Elf (0/3) Orc:2        Vaults (0/5) D:13
 Bailey (visited)

Altars:
Makhleb
Zin
Beogh

Shops:
D:5 =   D:10 [

Annotations:
Orc:1 3 runed translucent doors, Swankypants's ghost, novice HOFi; ziggurnaut's ghost, adept DrFE


Innate Abilities, Weirdness & Mutations

You have hoof-like feet.
You regenerate a little health from kills.
When hurt, damage is shared between your health and your magic reserves.
You regenerate magic rapidly.
When low on magic, you restore magic in place of health.
When seriously injured, your bleeding wounds create thick armour. (AC +9)


Message History

* * * LOW HITPOINT WARNING * * *
x2 You take 12 damage, and have 25/174 hp.
You now have 8/14 mp.
You barely miss the orc high priest.
The orc high priest is heavily wounded.
You miss the sixfirhy. You miss something. You slice the orc warlord!!
You freeze the orc warlord! You hit the orc warrior.
You freeze the orc warrior. You hit the hellwing. You freeze the hellwing.
The orc priest casts a cantrip, but nothing happens.
The hellwing misses you. The hellwing closely misses you.
The orc warrior hits you with a +0 long sword.
* * * LOW HITPOINT WARNING * * *
The orc sorcerer wildly gestures.
The orc sorcerer shimmers violently.
The orc sorcerer mumbles some strange words.
The orc high priest misses you.
You hit the orc high priest. You freeze the orc high priest.
The orc high priest is severely wounded.
You slash the hellwing! You freeze the hellwing.
You hit the orc warrior but do no damage.
You slash the orc warlord! You freeze the orc warlord.
You closely miss something. You slash the sixfirhy! You freeze the sixfirhy.
The orc priest no longer looks unusually strong. x2
The orc wizard no longer looks unusually strong.
The orc warrior no longer looks unusually strong.
The orc knight no longer looks unusually strong.
The orc high priest hits you but does no damage.
You hear some strange, mumbled words.
A puff of flame appears from out of thin air!
Deactivating autopickup; reactivate with Ctrl-A.
The puff of flame hits you but does no damage.
The orc warrior hits you from afar with a +0 halberd!
* * * LOW HITPOINT WARNING * * *
The orc priest begins to cast a cantrip, but forgets the words!
The orange demon stings you but does no damage.
The orc knight roars a battlecry!
The orcs go into a battle-frenzy!
The orc warlord hits you with a +4 vorpal long sword!!
* * * LOW HITPOINT WARNING * * *
x2 The hellwing hits you!
You die... #. .......o..... #. ..o.o....... #. #oooo.o...# #. #oo3oo....# #. #.oooo....# #. #ooo4oo...# #. #oooo{oo..#

#. ###4@3..###
#######. #..[o)....#
##.#.....
###)))....#
#...#....
#.......####..#.....
##......#.#.........
#.................#
##................#
##........<#)...#.
###.#..#.##......


You could see an orc warlord (strong), 2 orc knights, 2 orc high priests, an
orange demon (summoned), a hellwing (summoned), a sixfirhy (summoned), a
ynoxinul (summoned), 2 orc sorcerers, 8 orc warriors, 7 orc priests, 2 orc
wizards and 4 orcs.

Vanquished Creatures
  Nessos (Orc:2)
  An ettin (D:11)
  Fannar (D:11)
  2 two-headed ogres
  Urug (Orc:2)
  2 orc high priests
  2 unseen horrors
  Pikel (D:9)
  2 orc knights
  A wolf spider zombie (D:12)
  A necromancer (D:13)
  4 orc sorcerers
  2 ugly things (D:11)
  Maurice (D:13)
  13 cyclopes
  A manticore (D:13)
  3 meliai (D:13)
  2 trolls (D:13)
  A shadow (D:13)
  A spriggan (shapeshifter) (D:13)
  11 yaks
  Sigmund (D:5)
  8 wyverns
  Eustachio (D:4)
  A vampire (D:13)
  A steam dragon (D:11)
  2 basilisks
  Grum (D:11)
  Menkaure (D:6)
  12 wargs
  4 water moccasins
  5 sky beasts
  3 ice beasts
  26 orc warriors
  7 black bears
  2 eyes of draining
  15 ogres
  14 wolves
  8 centaurs
  2 phantoms
  Blork the orc (D:5)
  2 kobold brigands
  A wyvern zombie (D:13)
  13 bullfrogs
  A water moccasin zombie (D:11)
  4 wyvern skeletons
  5 scorpions
  13 wights
  20 killer bees
  4 howler monkeys
  A gnoll shaman (D:5)
  3 hounds
  A jelly (D:5)
  5 centaur skeletons
  13 orc priests
  2 iguanas
  27 orc wizards
  9 worker ants
  2 killer bee zombies
  3 hound skeletons
  A worker ant zombie (D:11)
  Robin (D:2)
  28 gnolls
  18 adders
  A howler monkey skeleton (D:8)
  3 shadow imps
  2 white imps
  3 ufetubi
  An ooze (D:1)
  2 adder zombies
  4 worms
  5 dart slugs
  8 leopard geckos
  94 orcs
  7 giant cockroaches
  18 goblins
  20 hobgoblins
  10 jackals
  3 quokkas
  A ball python (D:5)
  6 bats
  7 frilled lizards
  27 kobolds
  A leopard gecko skeleton (D:6)
  A leopard gecko zombie (D:7)
  2 quokka skeletons
  9 rats
581 creatures vanquished.

Vanquished Creatures (collateral kills)
  Rupert (D:13)
  A frost giant (D:11)
  2 ettins (D:11)
  A tengu warrior (D:13)
  A cyclops (D:11)
6 creatures vanquished.

Vanquished Creatures (others)
  An iguana (D:7)
  An ooze (D:7)
  6 fungi (D:11)
  19 plants
  6 withered plants (Orc:1)
33 creatures vanquished.

Grand Total: 620 creatures vanquished

Notes
Turn   | Place    | Note
-------+----------+-------------------------------------------
     0 | D:1      | jasper the Demonspawn Berserker began the quest for the
                  | Orb.
     0 | D:1      | Reached XP level 1. HP: 18/18 MP: 1/1
    74 | D:1      | Reached skill level 3 in Axes
   217 | D:1      | Gained mutation: You regenerate magic rapidly. [demonic
                  | ancestry]
   217 | D:1      | Reached XP level 2. HP: 24/24 MP: 2/2
   673 | D:1      | Reached ** piety under Trog
   837 | D:2      | Reached skill level 4 in Axes
   837 | D:2      | Gained mutation: You regenerate a little health from kills.
                  | [demonic ancestry]
   837 | D:2      | Reached XP level 3. HP: 29/29 MP: 3/3
  1097 | D:2      | Gained mutation: You have large cloven feet. [demonic
                  | ancestry]
  1097 | D:2      | Reached XP level 4. HP: 35/35 MP: 4/4
  1167 | D:2      | Noticed Robin
  1176 | D:2      | Killed Robin
  1250 | D:2      | Reached skill level 5 in Axes
  1782 | D:3      | Gained mutation: When seriously injured, your bleeding
                  | wounds create armour. (AC +9) [demonic ancestry]
  1782 | D:3      | Reached XP level 5. HP: 41/41 MP: 5/5
  1793 | D:3      | Reached *** piety under Trog
  1963 | D:3      | You fall into a shaft and drop 3 floors!
  2084 | D:6      | Noticed a centaur
  2094 | D:6      | Killed a centaur
  2095 | D:6      | Reached skill level 6 in Axes
  2095 | D:6      | Gained mutation: When seriously injured, your bleeding
                  | wounds create thick armour. (AC +9) [demonic ancestry]
  2095 | D:6      | Reached XP level 6. HP: 22/47 MP: 6/6
  2231 | D:5      | Entered Level 5 of the Dungeon
  2338 | D:5      | Noticed Sigmund
  2341 | D:5      | Reached skill level 7 in Axes
  2346 | D:5      | Killed Sigmund
  2347 | D:5      | Reached XP level 7. HP: 47/52 MP: 7/7
  2397 | D:4      | Reached skill level 8 in Axes
  3673 | D:4      | Noticed Eustachio
  3683 | D:4      | Killed Eustachio
  3684 | D:4      | Reached skill level 9 in Axes
  3684 | D:4      | Gained mutation: When hurt, damage is shared between your
                  | health and your magic reserves. [demonic ancestry]
  3684 | D:4      | Reached XP level 8. HP: 58/58 MP: 8/8
  3746 | D:4      | Reached **** piety under Trog
  3991 | D:5      | Found Naydysh's Jewellery Boutique.
  4202 | D:5      | Noticed Blork the orc
  4221 | D:5      | Reached skill level 10 in Axes
  4309 | D:5      | Killed Blork the orc
  5363 | D:6      | Noticed Menkaure
  5372 | D:6      | Killed Menkaure
  5572 | D:6      | Reached skill level 11 in Axes
  5572 | D:6      | Gained mutation: When low on magic, you restore magic in
                  | place of health. [demonic ancestry]
  5572 | D:6      | Reached XP level 9. HP: 49/63 MP: 6/9
  6447 | D:7      | Reached ***** piety under Trog
  6472 | D:7      | Reached skill level 12 in Axes
  7099 | D:7      | Found a staircase to the Ecumenical Temple.
  8100 | D:8      | Reached skill level 13 in Axes
  8120 | D:8      | Gained mutation: You have hoof-like feet. [demonic
                  | ancestry]
  8120 | D:8      | Reached XP level 10. HP: 63/70 MP: 10/10
  9482 | D:9      | Noticed Pikel
  9499 | D:9      | Your ally died
  9627 | D:9      | Identified the +1 cloak of the Falcon {rN+ Regen+}
  9805 | D:10     | Entered Level 10 of the Dungeon
  9820 | D:10     | Found a staircase to the Orcish Mines.
  9867 | D:9      | Identified a scroll of acquirement
  9867 | D:9      | Acquired the ring of Tuxuec {*Contam +Blink rElec rN++
                  | Will+}
  9958 | D:10     | Reached skill level 1 in Evocations
 10267 | D:10     | Reached ****** piety under Trog
 10333 | D:10     | Received a gift from Trog
 10401 | D:10     | Found Ypysch Gech's Armour Shop.
 10463 | Orc:1    | Entered Level 1 of the Orcish Mines
 10920 | D:11     | Noticed Fannar
 11025 | D:11     | Reached skill level 5 in Fighting
 11031 | D:11     | Killed Fannar
 11093 | D:11     | Reached XP level 11. HP: 78/80 MP: 9/11
 11335 | D:11     | You fall into a shaft and drop 3 floors!
 11336 | D:14     | Noticed a boulder beetle
 11338 | D:14     | Noticed a two-headed ogre
 11351 | D:14     | Noticed a tengu warrior
 11418 | D:13     | Reached skill level 5 in Armour
 11418 | D:13     | Reached skill level 5 in Dodging
 11458 | D:13     | Noticed a tengu warrior
 11470 | D:13     | Killed a tengu warrior
 11470 | D:13     | Received a gift from Trog
 11613 | D:12     | Reached skill level 5 in Evocations
 11726 | D:12     | Found a flagged portal.
 11730 | D:12     | Identified the +5 hand axe of Esiwn {vorpal, *Rage Int+3
                  | Dex+2}
 11744 | Bailey   | Entered a bailey
 11919 | Bailey   | Reached skill level 10 in Fighting
 11919 | Bailey   | Reached XP level 12. HP: 99/99 MP: 12/12
 12457 | D:11     | Noticed Grum
 12461 | D:11     | Noticed an ettin
 12465 | D:11     | Received a gift from Trog
 12467 | D:11     | Killed Grum
 12471 | D:11     | Found a burning altar of Makhleb.
 12472 | D:11     | Killed an ettin
 12523 | D:11     | Found a staircase to the Lair.
 12898 | D:11     | Reached XP level 13. HP: 106/106 MP: 13/13
 13180 | D:11     | Noticed an ettin
 13183 | D:11     | Noticed a frost giant
 13198 | D:11     | Noticed an ettin
 13204 | D:11     | Killed a frost giant
 13207 | D:11     | Killed an ettin
 13210 | D:11     | Killed an ettin
 13258 | D:11     | Found the +9 staff of Olgreb {rPois∞}
 13260 | D:11     | Identified the +5 rapier of Kindness {drain, *Noise rElec
                  | rF+ rC+}
 13265 | D:11     | Identified the +7 great sword "Jeigim" {protect, rN+ Str+3
                  | SInv}
 13290 | D:11     | Identified the amulet "Moryd" {Faith Fragile rF+ Str+3
                  | Int+5}
 13292 | D:11     | Identified the amulet of Roxkaeloth {Acrobat rElec Int+4
                  | Dex+7}
 13472 | D:11     | Identified the +1 robe "Xileivol" {*Corrode rC+ rN++ Str+3}
 13830 | D:13     | Noticed Rupert
 13849 | D:13     | Killed Rupert
 13980 | D:13     | Noticed Maurice
 13983 | D:13     | Killed Maurice
 14029 | D:13     | Found a gate to the Vaults.
 15022 | Orc:1    | Found a runed translucent gate.
 15022 | Orc:1    | Found a runed translucent gate.
 15022 | Orc:1    | Found a runed translucent gate.
 15026 | Orc:1    | Noticed Swankypants's ghost (novice HOFi)
 15026 | Orc:1    | Noticed ziggurnaut's ghost (adept DrFE)
 15065 | Orc:1    | Received a gift from Trog
 15342 | Orc:2    | Entered Level 2 of the Orcish Mines
 15973 | Orc:2    | Noticed Nessos
 16043 | Orc:2    | Found a staircase to the Elven Halls.
 16061 | Orc:1    | Received a gift from Trog
 16153 | Orc:2    | Killed Nessos
 16154 | Orc:2    | Reached XP level 14. HP: 107/116 MP: 12/14
 16324 | Orc:2    | Noticed Urug
 16346 | Orc:2    | Killed Urug
 16472 | Orc:2    | Noticed an orc warlord
 16488 | Orc:2    | Received a gift from Trog
 16495 | Orc:2    | HP: 6/174 [orc warlord/+4 vorpal long sword (17)]
 16495 | Orc:2    | Mangled by a hellwing

Illustrated notes

Levels and vault maps discovered:
D:1:      shiori_arrival_maze, layout_rooms
D:2:      minmay_skewed_foursquare, layout_rooms, uniq_robin
D:3:      layout_basic, minmay_misc_feat_plants
D:4:      minmay_bubble_buster, layout_basic, uniq_eustachio
D:5:      layout_loops_ring, serial_shops, shop_statue, enter_ossuary_2,
          uniq_blork_the_orc, uniq_sigmund
D:6:      layout_rooms, uniq_menkaure
D:7:      layout_rooms, lemuel_temple_firewalk_b
D:8:      corexii_shack_village, layout_loops_ring, kennysheep_mini
D:9:      layout_roguey, uniq_pikel
D:10:     layout_rooms, orc_0_dummy, serial_shops, nicolae_shop_behind_doors
D:11:     giant_chief_lemuel, layout_basic, minmay_lair_entry_grove,
          basic_altar, uniq_fannar, uniq_grum
D:12:     layout_basic, enter_bailey_2
D:13:     layout_loops_ring, david_vaults_1, uniq_maurice, uniq_rupert
D:14:     layout_cave_pools, kennysheep_nub
Orc:1:    layout_diamond_mine, gammafunk_ghost_cemetery, mines5_lemuel
Orc:2:    st_orc_congregation, layout_caves, basic_altar, mines2_david,
          uniq_nessos, uniq_urug

Skill      XL: |  1  2  3  4  5  6  7  8  9 10 11 12 13 |
---------------+----------------------------------------+-----
Axes           | 3 4 5 6 7 9 11 13 | 13.2
Armour         | 4 5 6 9 |  9.4
Dodging        | 4 5 6 9 |  9.3
Fighting       | 5 10 11 12 | 12.9
Evocations     | 3 5 6 7 |  7.0

Action                   |  1- 3 |  4- 6 |  7- 9 | 10-12 | 13-15 || total
-------------------------+-------+-------+-------+-------+-------++-------
Melee: Hand axe          |    69 |    57 |   293 |    53 |       ||   472
       Kick              |       |     8 |    66 |       |       ||    74
       Battleaxe         |       |       |       |   494 |   379 ||   873
 Fire: Hunting sling     |    33 |    50 |    57 |       |       ||   140
Throw: Boomerang         |       |       |       |    57 |    29 ||    86
       Dart              |       |       |       |    30 |       ||    30
Invok: Berserk           |     2 |     3 |     6 |     2 |     4 ||    17
       Trog's Hand       |       |     2 |     4 |     8 |    10 ||    24
       Brothers in Arms  |       |       |       |     1 |     1 ||     2
Evoke: Wand              |       |       |     9 |       |     3 ||    12
       Phantom mirror    |       |       |       |     1 |     1 ||     2
  Use: Potion            |       |       |     1 |     3 |     2 ||     6
       Scroll            |       |       |       |    25 |     1 ||    26
 Stab: Invisible         |       |       |       |     4 |       ||     4
       Distracted        |       |       |       |     1 |       ||     1
Armor: Scale mail        |    22 |    27 |    99 |    26 |       ||   174
       Animal skin       |     2 |       |       |       |       ||     2
       Skin              |       |       |     5 |       |       ||     5
       Chain mail        |       |       |       |   238 |   170 ||   408
       Plate armour      |       |       |       |       |    42 ||    42
Dodge: Dodged            |    36 |    37 |   159 |   421 |   413 ||  1066

Table legend: (Time is in decaauts)
 A = Elapsed time spent in this place.
 B = Non-inter-level travel time spent in this place.
 C = Inter-level travel time spent in this place.
 D = Time resting spent in this place.
 E = Time spent auto-exploring this place.
 F = Levels seen in this place.
 G = Mean time per level.
                   A        B        C        D        E       F      G
               +--------+--------+--------+--------+--------+-----+--------+
         Total |  16661 |  15532 |   1129 |   3254 |   8834 |  17 |  980.1 |
       Dungeon |  14814 |  13731 |   1083 |   2702 |   8105 |  14 | 1058.1 |
  Orcish Mines |   1591 |   1546 |     45 |    552 |    594 |   2 |  795.5 |
        Bailey |    255 |    255 |      0 |      0 |    135 |   1 |  255.0 |
               +--------+--------+--------+--------+--------+-----+--------+

Top non-repeatable levels by time:
    D:11: 1915 daAuts
     D:6: 1407 daAuts
     D:8: 1308 daAuts
     D:7: 1307 daAuts
     D:5: 1284 daAuts
    D:13: 1228 daAuts
     D:4: 1192 daAuts
   Orc:1: 1116 daAuts
     D:2: 1055 daAuts
     D:9: 946 daAuts
    D:12: 917 daAuts
    D:10: 816 daAuts
     D:1: 772 daAuts
     D:3: 638 daAuts
   Orc:2: 474 daAuts
